 Dungeon Crawl Stone Soup version 0.28.0-45-g0d030f2227 (webtiles) character file.

Game seed: 14007891510859390332

283 protoss039 the Shield-Bearer (level 6, 0/56 HPs)
             Began as a Minotaur Fighter on Apr 6, 2022.
             Slain by a steam dragon (6 damage)
             ... on level 7 of the Dungeon.
             The game lasted 00:04:11 (4127 turns).

protoss039 the Shield-Bearer (Minotaur Fighter)     Turns: 4127, Time: 00:04:12

Health: 0/56       AC:  8    Str: 23    XL:     6   Next: 7%
Magic:  5/5        EV:  9    Int:  5    God:
Gold:   108        SH:  4    Dex:  9    Spells: 5/5 levels left

rFire   . . .      SeeInvis .   a - +0 war axe
rCold   . . .      Faith    .   c - +0 buckler
rNeg    . . .      Spirit   .   b - +0 scale mail
rPois   .          Reflect  .   (helmet restricted)
rElec   .          Harm     .   (no cloak)
rCorr   .          Rampage  .   k - +0 pair of gloves
Will    .....                   (no boots)
Stlth   ..........              (no amulet)
HPRegen 0.18/turn               (no ring)
MPRegen 0.09/turn               (no ring)

@: no status effects
A: horns 2, retaliatory headbutt
a: no special abilities


You were on level 7 of the Dungeon.
You visited 1 branch of the dungeon, and saw 5 of its levels.

You collected 108 gold pieces.

Inventory:

Hand Weapons
 a - a +0 war axe (weapon)
Missiles
 o - a throwing net (quivered)
 r - 6 javelins
Armour
 b - a +0 scale mail (worn)
 c - a +0 buckler (worn)
 k - a +0 pair of gloves (worn)
 t - a +2 leather armour of willpower
Jewellery
 l - a ring of ice
Wands
 d - a wand of acid (9)
Scrolls
 f - a scroll of identify {unknown}
 i - 2 scrolls of enchant armour {unknown}
 j - a scroll of fog {unknown}
 m - a scroll of teleportation {unknown}
 n - a scroll of acquirement {unknown}
 p - 2 scrolls of summoning
 u - a scroll of immolation {unknown}
Potions
 e - a potion of magic {unknown}
 g - a potion of heal wounds {unknown}
 h - a potion of lignification {unknown}
 q - a potion of flight {unknown}
 s - a potion of mutation {unknown}


   Skills:
 + Level 5.1 Fighting
 + Level 4.3 Axes
 + Level 5.1 Armour
 + Level 5.1 Shields


You had 5 spell levels left.
You didn't know any spells.
Your spell library contained the following spells:

 Spells                   Type           Power      Damage    Failure   Level
 Ensorcelled Hibernation  Hex/Ice        0%         N/A       94%         2
 Spider Form              Tmut/Pois      0%         N/A       99%         3
 Anguish                  Hex/Necr       0%         N/A       100%        4


Dungeon Overview and Level Annotations

Branches:
Dungeon (4/15)
 Temple: D:4-7

Altars:


Innate Abilities, Weirdness & Mutations

You have a pair of horns on your head.
You reflexively headbutt those who attack you in melee.


Message History

You headbutt the steam dragon, but do no damage.
The steam dragon claws you but does no damage.
A centaur comes into view.
Unknown command.
Unknown command.
You barely miss the steam dragon.
The steam dragon is moderately wounded.
The centaur wields a +0 shortbow.
The centaur shoots an arrow.
The arrow hits you. The steam dragon barely misses you.
The steam dragon claws you.
Unknown command.
Unknown command.
You hit the steam dragon but do no damage.
The steam dragon is moderately wounded.
The centaur shoots an arrow.
You block the arrow. The steam dragon breathes steam at you.
The ball of steam hits you!!
Unknown command.
Unknown command.
Unknown command.
You barely miss the steam dragon. Your headbutt misses the steam dragon.
The steam dragon is moderately wounded.
You are engulfed in a cloud of scalding steam.
The centaur shoots an arrow.
The arrow hits you!
* * * LOW HITPOINT WARNING * * *
The steam dragon breathes steam at you. The ball of steam misses you.
The steam dragon bites you.
* * * LOW HITPOINT WARNING * * *
The steam dragon claws you.
* * * LOW HITPOINT WARNING * * *
Unknown command.
Unknown command.
Okay, then.
You block the steam dragon's attack.
The steam dragon claws you but does no damage.
Unknown command.
You closely miss the steam dragon.
The steam dragon is moderately wounded.
The steam dragon bites you.
You die...

#...# #...# .##
#§..#
....#####...#####
#.....§.§......
#...§§§.§......
#..............
#.####.....#### #
#@....# #D§§§§#
#.....# #c....#
.......#
.....##.# ......#
.# .......# #
#.......#


You could see a steam dragon (catching breath) and a centaur.

Vanquished Creatures
  A centaur zombie (D:4)
  A jelly (D:4)
  A hound (D:4)
  Ijyb (D:4)
  2 howler monkey zombies (D:7)
  3 gnolls (D:2)
  4 adders
  2 worms (D:2)
  A dart slug (D:3)
  8 orcs
  12 ball pythons
  2 endoplasms (D:2)
  3 giant cockroaches
  5 goblins
  5 hobgoblins
  7 kobolds
  3 quokkas
  5 bats
  A frilled lizard (D:1)
  9 rats
76 creatures vanquished.

Notes
Turn   | Place    | Note
-------+----------+-------------------------------------------
     0 | D:1      | protoss039 the Minotaur Fighter began the quest for the
                  | Orb.
     0 | D:1      | Reached XP level 1. HP: 19/19 MP: 0/0
   192 | D:1      | Reached XP level 2. HP: 27/27 MP: 1/1
   223 | D:1      | Found a faded altar of an unknown god.
  1056 | D:2      | Reached XP level 3. HP: 33/33 MP: 2/2
  1573 | D:2      | Reached XP level 4. HP: 20/40 MP: 3/3
  3134 | D:4      | Reached XP level 5. HP: 47/47 MP: 4/4
  3600 | D:4      | Reached skill level 5 in Fighting
  3600 | D:4      | Reached skill level 5 in Armour
  3600 | D:4      | Reached skill level 5 in Shields
  3746 | D:4      | Noticed Ijyb
  3755 | D:4      | Killed Ijyb
  3951 | D:4      | You fall into a shaft and drop 3 floors!
  3964 | D:7      | Reached XP level 6. HP: 48/56 MP: 5/5
  4117 | D:7      | Noticed a steam dragon
  4127 | D:7      | Slain by a steam dragon

Illustrated notes

Levels and vault maps discovered:
D:1:      dpeg_arrival_rooms_c, layout_loops_ring,
          shapermc_ecumenical_altar_mp_ritualfount, lemuel_old_faithful
D:2:      layout_loops_corners
D:3:      layout_loops_ring
D:4:      layout_loops_ring, uniq_robin, uniq_blork_the_orc, uniq_ijyb
D:7:      layout_loops_cross

Skill      XL: |  1  2  3  4  5 |
---------------+----------------+-----
Fighting       | 4 5 |  5.1
Axes           | 3 4 |  4.3
Armour         | 4 5 |  5.1
Shields        | 4 5 |  5.1

Action                   |  1- 3 |  4- 6 || total
-------------------------+-------+-------++-------
Melee: War axe           |    79 |   130 ||   209
       Headbutt          |     7 |    19 ||    26
  Use: Potion            |       |     1 ||     1
Armor: Scale mail        |    39 |    34 ||    73
       Leather armour    |       |    19 ||    19
Dodge: Dodged            |    30 |    74 ||   104
Block: Buckler           |    20 |    27 ||    47
